 Dungeon Crawl Stone Soup version 0.17.0-18-gaab0e96 (webtiles) character file.

225 ventricule the Cudgeler (level 6, 0/27 HPs)
             Began as a Tengu Arcane Marksman on Nov 11, 2015.
             Succumbed to an adder's poison
             ... in a sewer.
             The game lasted 00:13:25 (4543 turns).

ventricule the Cudgeler (Tengu Arcane Marksman)     Turns: 4543, Time: 00:13:25

Health: 0/27       AC:  7    Str: 18    XL:     6   Next: 1%
Magic:  10/10      EV: 10    Int: 11    God:
Gold:   114        SH:  0    Dex: 14    Spells: 1 memorised, 8 levels left

rFire  + + .     SeeInvis .     b - +0 flail
rCold  . . .     Clarity  .     r - +1 scale mail
rNeg   . . .     SustAt   .     (no shield)
rPois  +         Gourm    .     (helmet restricted)
rElec  +         Spirit   .     (no cloak)
rCorr  +         Warding  .     (no gloves)
rMut   .         Stasis   .     (boots unavailable)
MR     .....                    (no amulet)
Stlth  ..........               y - ring of fire
                                (no ring)

@: mighty, lethally poisoned (0 -> -2), resistant, very slightly contaminated,
hasted, very quick, not resistant to hostile enchantments, extremely unstealthy
A: beak, horns 1, talons 3, dopey 1, frail 2, evolution 1, able to fly 1
a: Fly


You were in a sewer.
You were not hungry.

You visited 1 branch of the dungeon, and saw 3 of its levels.
You also visited: Sewer.

You collected 114 gold pieces.


Innate Abilities, Weirdness & Mutations

You have a beak for a mouth.
You have claws for feet.
You can fly.
You have a pair of small horns on your head.
You are dopey. (Int -2)
You are very frail (-20% HP).
You evolve.


   Skills:
 - Level 1.0 Fighting
 + Level 4.4 Maces & Flails
 - Level 2.5 Crossbows
 - Level 1.0 Armour
 - Level 2.1 Dodging
 - Level 2.0 Spellcasting
 - Level 2.9 Hexes


You had 8 spell levels left.
You knew the following spells:

 Your Spells              Type           Power        Failure   Level  Hunger
Z - Corona                Hex            #......      34%         1    ##.....

Inventory:

Hand Weapons
 a - a +0 hand crossbow
 b - a +0 flail (weapon)
 h - a +0 dagger
 n - a +0 short sword
 C - a +0 mace
Missiles
 c - 10 bolts
 t - 8 javelins (quivered)
Armour
 j - a +0 robe
 r - a +1 scale mail (worn)
Jewellery
 y - a ring of fire (right hand)
Scrolls
 g - a scroll of enchant armour
 i - a scroll of remove curse
Potions
 w - 2 potions of degeneration {!q}
Books
 d - a book of Debilitation

   Spells                             Type                      Level
   a - Corona                         Hexes                        1
   b - Slow                           Hexes                        2
   c - Gell's Gravitas                Hexes/Translocation          3
   d - Inner Flame                    Hexes/Fire                   3
   e - Cause Fear                     Hexes                        4
   f - Leda's Liquefaction            Hexes/Earth                  4
Comestibles
 e - 2 bread rations
 o - 2 meat rations

Dungeon Overview and Level Annotations

Branches:
Dungeon (3/15)

Altars:
Dithmenos
Vehumet
Xom

▒▒≈≈▒▒.≈.≈≈≈≈.≈▒▒
▒≈≈≈▒≈.≈≈≈≈≈≈≈≈≈†
▒≈≈▒▒≈≈≈▒▒▒▒▒▒▒≈≈
▒▒≈≈▒.≈.▒▒ ▒▒▒
▒≈≈.▒≈≈▒▒ ▒
▒≈≈▒▒≈≈▒ ▒≈≈▒≈.▒▒
▒≈.▒≈.▒ ▒Q≈▒≈†▒
▒..▒.≈▒ ▒≈≈▒≈≈▒
▒≈≈▒S.▒ ▒≈≈▒Sl▒
▒.≈▒▒.≈ ▒.≈≈▒.≈▒
▒▒≈≈▒≈≈≈ ▒≈≈▒▒.≈≈
▒


There were no monsters in sight!


Message History

Okay, then.
Drink which item? (? for menu, Esc to quit)
Really quaff
f - 2 potions of mutation {!q}?
You feel extremely strange.
You feel frail.
You feel stupid.
You feel frail.
Drink which item? (? for menu, Esc to quit)
Really quaff
f - a potion of mutation {!q}?
You feel extremely strange. A pair of horns grows on your head!
You feel nature experimenting on you.
Don't worry, failures die fast.
* * * LOW HITPOINT WARNING * * *
You feel sick.
* * * LOW HITPOINT WARNING * * *
You feel sick.
Read which item? (? for menu, Esc to quit)
Okay, then.
Drink which item? (? for menu, Esc to quit)
Okay, then.
Read which item? (? for menu, Esc to quit)
As you read the scroll of teleportation {@r4}, it crumbles to dust.
You feel strangely unstable.
* * * LOW HITPOINT WARNING * * *
You feel sick.
Unknown command.
Your surroundings suddenly seem different.
Splash!
You fall into the shallow water.
Read which item? (? for menu, Esc to quit)
Okay, then.
You die...

Action                   |  1- 3 |  4- 6 || total
-------------------------+-------+-------++-------
Melee: Unarmed           |     7 |       ||     7
       Dagger            |     6 |       ||     6
       Short sword       |    79 |       ||    79
       Mace              |    41 |    15 ||    56
       Flail             |       |   154 ||   154
 Fire: Hand crossbow     |     7 |    30 ||    37
 Cast: Corona            |     5 |       ||     5
  Use: Scroll            |    13 |     3 ||    16
       Potion            |     1 |     7 ||     8
  Eat: Chunk             |     5 |     7 ||    12

Vault maps used:
D:1:      dpeg_arrival_simpleton_b
D:2:      first_bread
D:3:      lemuel_round_altar, gammafunk_temple_overflow_wave,
          portal_sewer_entry_f, minmay_misc_feat_four_crosses, minmay_quantized,
          uniq_sigmund, uniq_jessica
Sewer:    sewer_frog_island_02

Notes
Turn   | Place    | Note
--------------------------------------------------------------
     0 | D:1      | ventricule the Tengu Arcane Marksman began the quest for the Orb.
     0 | D:1      | Reached XP level 1. HP: 12/12 MP: 3/3
   291 | D:1      | Reached XP level 2. HP: 14/16 MP: 2/4
   975 | D:2      | Reached XP level 3. HP: 6/20 MP: 6/6
  1512 | D:2      | Reached skill level 1 in Armour
  2273 | D:3      | Noticed Jessica
  2282 | D:3      | Killed Jessica
  2282 | D:3      | Reached skill level 2 in Spellcasting
  2282 | D:3      | Reached XP level 4. HP: 12/25 MP: 6/8
  2345 | D:3      | Reached skill level 1 in Maces & Flails
  2383 | D:3      | Found a shimmering altar of Xom.
  2383 | D:3      | Found a radiant altar of Vehumet.
  2388 | D:3      | Found a shadowy altar of Dithmenos.
  2547 | D:3      | Found a glowing drain.
  2608 | Sewer    | Entered a sewer
  2613 | Sewer    | Reached skill level 2 in Maces & Flails
  2651 | Sewer    | Gained mutation: You can fly. [Tengu growth]
  2651 | Sewer    | Reached XP level 5. HP: 12/29 MP: 9/9
  3091 | Sewer    | Reached skill level 3 in Maces & Flails
  4176 | Sewer    | Reached skill level 4 in Maces & Flails
  4518 | Sewer    | Reached XP level 6. HP: 10/34 MP: 10/10
  4524 | Sewer    | Identified a potion of resistance
  4526 | Sewer    | HP: 3/34 [poisoned by an adder]
  4528 | Sewer    | Gained mutation: You are frail (-10% HP). [potion of mutation]
  4528 | Sewer    | Gained mutation: You are dopey. (Int -2) [potion of mutation]
  4528 | Sewer    | Gained mutation: You are very frail (-20% HP). [potion of mutation]
  4529 | Sewer    | Gained mutation: You have a pair of small horns on your head. [potion of mutation]
  4529 | Sewer    | Gained mutation: You evolve. [potion of mutation]
  4533 | Sewer    | HP: 2/27 [poisoned by an adder]
  4543 | Sewer    | Succumbed to an adder's poison

Vanquished Creatures
  Jessica (D:3)
  6 adders (Sewer)
  6 oozes (Sewer)
  3 worms (D:2)
  14 giant geckos
  5 orcs (D:3)
  11 ball pythons
  12 giant cockroaches
  4 hobgoblins
  A jackal (D:2)
  5 bats
  13 giant newts
  3 goblins
  9 kobolds
  4 rats
97 creatures vanquished.
